 Dungeon Crawl Stone Soup version 0.27-a0-1281-ge233d83751 (webtiles) character file.

Game seed: 12700749061749970020

773 sanka the Skirmisher (level 8, 0/61 HPs)
             Began as a Djinni Artificer on June 13, 2021.
             Slain by a water moccasin zombie (1 damage)
             ... in an ossuary.
             The game lasted 00:08:32 (6448 turns).

sanka the Skirmisher (Djinni Artificer)             Turns: 6448, Time: 00:08:33

Health: 0/61       AC:  5    Str: 17    XL:     8   Next: 9%
Gold:   144        EV: 12    Int: 16    God:
                   SH:  0    Dex: 13

rFire    + + .     SeeInvis +   n - +0 flail
rCold    x . .     Faith    .   (no shield)
rNeg     . . .     Spirit   .   b - +0 leather armour
rPois    ∞         Reflect  .   m - +0 helmet
rElec    .         Harm     .   g - +0 cloak
rCorr    .         Rampage  .   (no gloves)
Will     .....                  (boots unavailable)
Stlth    +.........             (no amulet)
HPRegen  0.20/turn              v - +6 ring of strength
MPRegen  0.00/turn              o - ring of see invisible

@: attractive, flying, hasted, very quick
A: sickness immunity, fire resistance 2, cold vulnerability 1, float, innate
caster, hp casting, extra vitality 1
a: no special abilities


You were in an ossuary.
You visited 2 branches of the dungeon, and saw 6 of its levels.
You also visited: Ossuary.

You collected 144 gold pieces.


Innate Abilities, Weirdness & Mutations

You are immune to sickness and miasma.
You are immune to poison.
Your flesh is very heat resistant. (rF++)
You are vulnerable to cold. (rC-)
You float through the air rather than walking.
You learn spells naturally, not from books.
Your magical power is your life essence.
You have superior vitality. (+4 HP)


   Skills:
 - Level 6.0 Fighting
 - Level 1.0 Armour
 - Level 2.1 Dodging
 - Level 0.7 Stealth
 + Level 4.2 Spellcasting
 - Level 3.0 Evocations


You had 9 spell levels left.
You knew the following spells:

 Your Spells              Type           Power      Damage    Failure   Level
y - Dazzling Flash        Conj/Hex       34%        N/A       10%         3
z - Summon Small Mammal   Summ           68%        N/A       3%          1
Z - Static Discharge      Conj/Air       17%        N/A       4%          2
Your spell library was empty.

Inventory:

Hand Weapons
 a - a +1 dagger of venom
 n - a +0 flail (weapon)
 t - a +4 scythe of freezing
Armour
 b - a +0 leather armour (worn)
 g - a +0 cloak (worn)
 k - a +1 robe of fire resistance
 m - a +0 helmet (worn)
Jewellery
 o - a ring of see invisible (right hand)
 v - a +6 ring of strength (left hand)
Wands
 c - a wand of flame (15) (quivered)
 d - a wand of charming (15)
 u - a wand of polymorph (8)
Scrolls
 h - 2 scrolls of immolation {unknown}
 j - a scroll of teleportation {unknown}
 l - 2 scrolls of amnesia {unknown}
 p - a scroll of acquirement {unknown}
 r - 3 scrolls of blinking {unknown}
 s - 2 scrolls of identify {unknown}
 w - a scroll of enchant weapon {unknown}
Miscellaneous
 e - a piece from Xom's chessboard (15/15)

Dungeon Overview and Level Annotations

Branches:
Dungeon (5/15)             Temple (1/1) D:4         Ossuary (1/1)

Altars:
Ashenzari
Cheibriados
Dithmenos
Elyvilon
Fedhas
Hepliaklqana
Kikubaaqudgha
Nemelex Xobeh
Okawaru
Ru
Sif Muna
Trog
Uskayaw
Vehumet
Yredelemnul
Zin
The Shining One

▒▒ ▒▒ ▒
▒. .▒
▒'▒'▒'▒
....
▒▒'▒▒
▒M..▒
▒MZ.▒
▒RM∩▒
▒▒▒▒▒


You could see 3 mummies and a water moccasin zombie.


Message History

The mummy barely misses you.
It was a potion of attraction.
You feel attractive to monsters.
The water moccasin zombie bites you but does no damage.
The water moccasin zombie barely misses you.
The mummy is pulled toward you!
The mummy is struck by an arc of lightning.
The mummy is moderately damaged.
The mummy is struck by an arc of lightning.
The mummy is moderately damaged.
The lightning grounds out.
* * * LOW HITPOINT WARNING * * *
The water moccasin zombie bites you.
* * * LOW HITPOINT WARNING * * *
The water moccasin zombie is struck by an arc of lightning.
The water moccasin zombie is lightly damaged.
You are struck by an arc of lightning.
* * * LOW HITPOINT WARNING * * *
The lightning grounds out.
* * * LOW HITPOINT WARNING * * *
The water moccasin zombie bites you.
* * * LOW HITPOINT WARNING * * *
The mummy barely misses you.
Unknown command.
Unknown command.
Unknown command.
You sock the water moccasin zombie!
The water moccasin zombie is moderately damaged.
The water moccasin zombie bites you.
You die...

Action                   |  1- 3 |  4- 6 |  7- 9 || total
-------------------------+-------+-------+-------++-------
Melee: Club              |    68 |       |       ||    68
       Short sword       |    30 |       |       ||    30
       Dagger            |    29 |   110 |   107 ||   246
       Scythe            |       |       |    10 ||    10
       Flail             |       |       |     6 ||     6
 Cast: Static Discharge  |       |       |     9 ||     9
  Use: Potion            |       |       |     4 ||     4
Armor: Leather armour    |    45 |    24 |    50 ||   119
Dodge: Dodged            |    81 |    55 |   100 ||   236

Levels and vault maps discovered:
D:1:      dpeg_arrival_round_c, layout_basic,
          ebering_ecumenical_altar_sacrificial, chequers_serial_rivers_small_a
D:2:      layout_rooms
D:3:      layout_basic, nicolae_hepliaklqana_monster_ancestors,
          serial_bayou_pond_a, serial_bayou_pond_e, uniq_sigmund
D:4:      layout_loops_corners, overflow_temple_1_default,
          minmay_temple_entry_statues_pillars, kennysheep_generic_room_9
D:5:      layout_cave_pools, grunt_qazlal_clouds, serial_rivers,
          chequers_serial_rivers_micro_a, chequers_serial_rivers_marsh,
          chequers_serial_rivers_large_a, chequers_serial_rivers_micro_e,
          chequers_serial_rivers_micro_a, chequers_serial_rivers_room_a,
          enter_ossuary_4, hangedman_decor_slide_cut, uniq_duvessa
Temple:   eino_wide_crystal_templ
Ossuary:  ossuary_zaba_flooded

Notes
Turn   | Place    | Note
-------+----------+-------------------------------------------
     0 | D:1      | sanka the Djinni Artificer began the quest for the Orb.
     0 | D:1      | Reached XP level 1. HP: 17/17 MP: 0/0
   219 | D:1      | You are sucked into a shaft and drop 1 floor!
   735 | D:1      | Reached XP level 2. HP: 20/23 MP: 0/0
   794 | D:1      | HP: 2/23 [endoplasm (1)]
   796 | D:1      | Reached skill level 2 in Fighting
  1529 | D:1      | Found a faded altar of an unknown god.
  1706 | D:1      | Reached XP level 3. HP: 29/29 MP: 0/0
  1706 | D:1      | Learned a level 1 spell: Summon Small Mammal
  2114 | D:2      | Reached skill level 3 in Fighting
  2463 | D:2      | Reached XP level 4. HP: 33/35 MP: 0/0
  2666 | D:2      | Reached skill level 4 in Fighting
  3709 | D:3      | Found a hazy altar of Hepliaklqana.
  3811 | D:3      | Noticed Sigmund
  3821 | D:3      | Killed Sigmund
  3822 | D:3      | Reached skill level 6 in Fighting
  3822 | D:3      | Reached XP level 5. HP: 4/45 MP: 0/0
  3822 | D:3      | Learned a level 2 spell: Static Discharge
  3822 | D:3      | Reached XP level 6. HP: 5/50 MP: 0/0
  4277 | D:4      | Reached skill level 1 in Spellcasting
  4473 | D:4      | Reached skill level 2 in Spellcasting
  4473 | D:4      | Reached XP level 7. HP: 53/56 MP: 0/0
  4473 | D:4      | Learned a level 3 spell: Dazzling Flash
  5166 | D:4      | Found a staircase to the Ecumenical Temple.
  5176 | Temple   | Entered the Ecumenical Temple
  5324 | D:4      | Reached skill level 3 in Spellcasting
  5952 | D:5      | Entered Level 5 of the Dungeon
  6005 | D:5      | Noticed Dowan
  6011 | D:5      | Noticed Duvessa
  6339 | D:5      | Killed Duvessa
  6340 | D:5      | Reached skill level 4 in Spellcasting
  6340 | D:5      | Reached XP level 8. HP: 26/61 MP: 0/0
  6344 | D:5      | Killed Dowan
  6404 | D:5      | Found a sand-covered staircase.
  6411 | Ossuary  | Entered an ossuary
  6446 | Ossuary  | HP: 5/61 [water moccasin zombie (1)]
  6447 | Ossuary  | HP: 2/61 [/static electricity (1)]
  6448 | Ossuary  | Slain by a water moccasin zombie

Vanquished Creatures
  Sigmund (D:3)
  Duvessa (D:5)
  A phantom (D:4)
  A scorpion (D:4)
  Dowan (D:5)
  A howler monkey (D:4)
  An orc priest (D:4)
  2 iguanas (D:4)
  2 orc wizards
  A hound skeleton (D:4)
  4 adders
  An ufetubus (D:5)
  A worm (D:4)
  A dart slug (D:2)
  11 orcs
  6 endoplasms
  A giant cockroach (D:4)
  8 goblins
  A hobgoblin (D:1)
  10 jackals
  5 kobolds
  2 quokkas (D:1)
  5 ball pythons
  6 bats
  5 frilled lizards
  8 rats
  A spectral goblin (D:3)
88 creatures vanquished.

Vanquished Creatures (others)
  4 withered plants (Ossuary)
4 creatures vanquished.

Grand Total: 92 creatures vanquished
